 Dungeon Crawl Stone Soup version 0.29.1-13-g9f3cf754e1 (webtiles) character file.

Game seed: 4583191659692495530

560 DemonSlayer the Magician (level 7, -1/48 HPs)
             Began as a Demonspawn Earth Elementalist on Jan 30, 2023.
             Was an Initiate of Cheibriados.
             Slain by a gnoll
             ... wielding a +0 halberd
             ... led by a gnoll bouda
              (11 damage)
             ... on level 5 of the Dungeon.
             The game lasted 00:10:35 (6012 turns).

DemonSlayer the Magician (DsEE)                     Turns: 6012, Time: 00:10:35

Health: -1/48      AC:  8    Str: 11    XL:     7   Next: 9%
Magic:  9/14       EV: 12    Int: 17    God:    Cheibriados [......]
Gold:   133        SH:  0    Dex: 15    Spells: 5/15 levels left

rFire   . . .      SeeInvis .   o - +0 spear (venom)
rCold   . . .      Faith    .   (no shield)
rNeg    . . .      Spirit   .   a - +0 robe
rPois   .          Reflect  .   e - +0 helmet
rElec   .          Harm     .   (no cloak)
rCorr   .          Rampage  .   f - +0 pair of gloves
Will    .....                   m - +0 pair of boots
Stlth   ++........              (no amulet)
HPRegen 0.16/turn               (no ring)
MPRegen 0.14/turn               (no ring)

@: very slow
A: yellow scales 2, demonic guardian 1
a: Renounce Religion


You were on level 5 of the Dungeon.
You worshipped Cheibriados.
Cheibriados was noncommittal.
You visited 2 branches of the dungeon, and saw 6 of its levels.

You collected 245 gold pieces.
You spent 112 gold pieces at shops.

Inventory:

Hand Weapons
 b - a +0 dagger
 o - a +0 spear of venom (weapon)
 q - a +2 vampiric short sword
Armour
 a - a +0 robe (worn)
 e - a +0 helmet (worn)
 f - a +0 pair of gloves (worn)
 m - a +0 pair of boots (worn)
Scrolls
 c - a scroll of teleportation {unknown}
 i - a scroll of butterflies
 j - 2 scrolls of fear {unknown}
 l - a scroll of acquirement {unknown}
 n - a scroll of enchant weapon {unknown}
 p - a scroll of amnesia
 r - a scroll of noise {unknown}
 s - a scroll of enchant armour {unknown}
 t - a scroll of identify
Potions
 d - a potion of berserk rage {unknown}
 g - 2 potions of curing {unknown}
 h - 2 potions of mutation
 k - a potion of ambrosia


   Skills:
 + Level 1.0 Fighting
 + Level 0.4 Short Blades
 + Level 0.5 Polearms
 + Level 2.4 Dodging
 + Level 2.7 Stealth
 + Level 4.9 Spellcasting
 + Level 0.8 Transmutations
 + Level 4.8 Earth Magic


You had 5 spell levels left.
You knew the following spells:

 Your Spells              Type           Power      Damage    Failure   Level
a - Sandblast             Erth           40%        2d10      1%          1
b - Blink                 Tloc           8%         N/A       22%         2
c - Stone Arrow           Conj/Erth      24%        3d8       16%         3
d - Petrify               Tmut/Erth      13%        N/A       41%         4

Your spell library contained the following spells:

 Spells                   Type           Power      Damage    Failure   Level
 Passwall                 Tmut/Erth      10%        N/A       7%          2
 Apportation              Tloc           8%         N/A       14%         1
 Necrotise                Necr           16%        1d4       14%         1
 Summon Small Mammal      Summ           16%        N/A       14%         1
 Lesser Beckoning         Tloc           4%         N/A       41%         3
 Animate Armour           Summ/Erth      24%        N/A       47%         4
 Manifold Assault         Tloc           4%         N/A       99%         5
 Storm Form               Tmut/Air       2%         N/A       100%        7
 Lehudib's Crystal Spear  Conj/Erth      6%         10d3      100%        8


Dungeon Overview and Level Annotations

Branches:
Dungeon (5/15)             Temple (1/1) D:5

Altars:
Ashenzari
Cheibriados
Dithmenos
Fedhas
Hepliaklqana
Kikubaaqudgha
Makhleb
Nemelex Xobeh
Okawaru
Qazlal
Ru
Trog
Vehumet
Wu Jian
Xom
Yredelemnul

Shops:
D:4 !


Innate Abilities, Weirdness & Mutations

You are mostly covered in yellow scales. (AC +3)
A weak demonic guardian rushes to your aid.


Message History

The gnoll bouda barks out a call to the hunt!
The gnoll picks up the pace!
The gnoll barely misses you. The gnoll bouda barely misses you.
The blast of sand hits the gnoll bouda.
The gnoll bouda is severely wounded.
The gnoll barely misses you.
The gnoll bouda hits you with a +0 whip.
The blast of sand hits the gnoll bouda.
You kill the gnoll bouda!
Cheibriados appreciates the change of pace.
The gnoll hits you with a +0 flail! The gnoll misses you.
The blast of sand hits the gnoll!
The gnoll is severely wounded.
The gnoll misses you.
You closely miss the gnoll.
The gnoll is severely wounded.
The gnoll is no longer moving quickly.
The gnoll hits you with a +0 flail.
You closely miss the gnoll.
The gnoll is severely wounded.
The gnoll hits you with a +0 flail. The gnoll barely misses you.
The gnoll attacks as you move away! The gnoll closely misses you.
The gnoll is no longer moving quickly.
The gnoll closely misses you. The gnoll closely misses you.
The gnoll closely misses you.
The gnoll hits you from afar with a +0 halberd!
The gnoll attacks as you move away! The gnoll hits you with a +0 flail.
* * * LOW HITPOINT WARNING * * *
As you read the scroll labelled JOSMEP WOXOPE, it crumbles to dust.
It is a scroll of amnesia.
Really abort (and waste the scroll)?
Okay, then.
The gnoll hits you with a +0 flail.
* * * LOW HITPOINT WARNING * * *
The gnoll barely misses you.
As you read the scroll labelled UTWUNWORIEQ, it crumbles to dust.
You hear the tinkle of a tiny bell.
It was a scroll of butterflies.
The gnoll barely misses you.
The gnoll hits you from afar with a +0 halberd!
You die...

#.......#.#...##.....#
###......##.#..##..#.#..
.##.............##..##.##.
.........#.##.#....##...##
###.###.##.##.#.......>...
#...........#....##.).##
####.###.##b####)##..##.##.
#.......h##b####..##..#.#..
#......ggg@bb......##.....#
#..#.######bb.......#.....#
#..#.# ######.#.[....... #..#h#
#.#......... #..#g#######
#.#.###.....
#..........#####.#.###...##
##.#...................<.#
......).#.##.))...............##
###.......##.##..####.#...##....


You could see a hound and 3 gnolls.

Vanquished Creatures
  An ogre (D:5)
  A necrophage (D:5)
  2 orc priests
  A jelly (D:5)
  A gnoll bouda (D:5)
  A hound (D:5)
  An iguana (D:5)
  2 adders
  5 gnolls
  A shadow imp (D:5)
  An ufetubus (D:4)
  2 worms
  11 orcs
  9 bats
  7 endoplasms
  3 giant cockroaches
  3 goblins
  5 hobgoblins
  2 jackals (D:3)
  A quokka (D:2)
  5 ball pythons
  2 frilled lizards (D:3)
  10 kobolds
  7 rats
84 creatures vanquished.

Vanquished Creatures (collateral kills)
  An iguana (D:4)
  An orc wizard (D:4)
  2 gnolls (D:2)
  An orc (D:4)
5 creatures vanquished.

Vanquished Creatures (others)
  2 plants (D:3)
2 creatures vanquished.

Grand Total: 91 creatures vanquished

Notes
Turn   | Place    | Note
-------+----------+-------------------------------------------
     0 | D:1      | DemonSlayer the Demonspawn Earth Elementalist began the
                  | quest for the Orb.
     0 | D:1      | Reached XP level 1. HP: 13/13 MP: 3/3
   790 | D:1      | Gained mutation: A weak demonic guardian rushes to your
                  | aid. [demonic ancestry]
   790 | D:1      | Reached XP level 2. HP: 19/19 MP: 1/5
  1016 | D:1      | Found a faded altar of an unknown god.
  1343 | D:1      | Learned a level 2 spell: Blink
  1574 | D:2      | Reached XP level 3. HP: 8/24 MP: 0/6
  1576 | D:2      | HP: 1/24 [gnoll/+0 spear (2)]
  2469 | D:2      | Gained mutation: You are partially covered in yellow
                  | scales. (AC +2) [demonic ancestry]
  2469 | D:2      | Reached XP level 4. HP: 18/30 MP: 4/8
  3126 | D:3      | Learned a level 3 spell: Stone Arrow
  3137 | D:3      | Found a stormy altar of Qazlal.
  3596 | D:3      | Reached XP level 5. HP: 33/36 MP: 7/10
  3623 | D:3      | Found a sparkling altar of Nemelex Xobeh.
  4143 | D:3      | Learned a level 4 spell: Petrify
  4238 | D:4      | Found Koocirch's Distillery.
  4262 | D:4      | Bought a potion of mutation for 112 gold pieces
  4629 | D:4      | Reached XP level 6. HP: 9/42 MP: 4/12
  5332 | D:5      | Entered Level 5 of the Dungeon
  5427 | D:5      | Found a broken altar of Ashenzari.
  5499 | D:5      | Reached skill level 1 in Fighting
  5540 | D:5      | Found a staircase to the Ecumenical Temple.
  5555 | Temple   | Entered the Ecumenical Temple
  5555 | Temple   | Found a transporter.
  5555 | Temple   | Found a transporter.
  5557 | Temple   | Found a transporter.
  5557 | Temple   | Found a transporter.
  5599 | Temple   | Became a worshipper of Cheibriados the Contemplative
  5886 | D:5      | Gained mutation: You are mostly covered in yellow scales.
                  | (AC +3) [demonic ancestry]
  5886 | D:5      | Reached XP level 7. HP: 20/48 MP: 9/14
  6012 | D:5      | Slain by a gnoll

Illustrated notes

Levels and vault maps discovered:
D:1:      doesnt_arrival_eight_statues, layout_loops_corners,
          ebering_ecumenical_altar_box, corexii_corridor_pit,
          corexii_leaking_fountain, minmay_misc_feat_plants,
          minmay_misc_feat_five
D:2:      layout_basic
D:3:      layout_loops_cross, nemelex_dance_club_becter,
          mainiacjoe_overflow_alcove_2, ebering_dispersal_statue_hall,
          lexackson_kobold_supper
D:4:      cheibrodos_pilgrimage, layout_basic, serial_shops,
          nicolae_shop_advertising_works [nicolae_subvault_shop_adworks]
D:5:      layout_basic, cheibrodos_ashenzari_chains, minmay_temple_entry_waves,
          corner_web_ring
Temple:   hellmonk_temple_divided_pantheon

Skill      XL: |  1  2  3  4  5  6 |
---------------+-------------------+-----
Dodging        | 2 |  2.4
Earth Magic    | 3 4 |  4.8
Stealth        | 2 |  2.7
Spellcasting   | 3 4 |  4.9
Fighting       | 1 |  1.0
Short Blades   | |  0.4
Polearms       | |  0.5
Transmutations | |  0.8

Action                   |  1- 3 |  4- 6 |  7- 9 || total
-------------------------+-------+-------+-------++-------
Melee: Dagger            |    25 |       |       ||    25
       Spear             |       |    37 |     2 ||    39
       Short sword       |       |    14 |       ||    14
 Cast: Sandblast         |    38 |    79 |    10 ||   127
  Use: Potion            |     1 |     1 |       ||     2
       Scroll            |       |     2 |     2 ||     4
 Stab: Sleeping          |     3 |     4 |       ||     7
Armor: Robe              |    16 |    21 |       ||    37
Dodge: Dodged            |    42 |    39 |    15 ||    96
